 Dungeon Crawl Stone Soup version 0.18.1-5-g4a78601 (webtiles) character file.

407 varam the Cleaver (level 6, 0/51 HPs)
             Began as a Hill Orc Gladiator on May 13, 2016.
             Was an Initiate of Okawaru.
             Slain by a wyvern (4 damage)
             ... on level 6 of the Dungeon.
             The game lasted 00:07:38 (4488 turns).

varam the Cleaver (Hill Orc Gladiator)              Turns: 4488, Time: 00:07:40

Health: 0/51       AC:  7    Str: 18    XL:     6   Next: 88%
Magic:  6/6        EV: 10    Int:  8    God:    Okawaru [......]
Gold:   272        SH:  0    Dex: 13    Spells: 0 memorised, 5 levels left

rFire  + . .     SeeInvis .     a - +0 war axe
rCold  . . .     Gourm    .     g - +0 scale mail
rNeg   + . .     Faith    .     (no shield)
rPois  .         Spirit   .     c - +0 helmet
rElec  .         Dismiss  .     (no cloak)
rCorr  .         Reflect  .     (no gloves)
SustAt .         Harm     .     (no boots)
MR     .....                    (no amulet)
Stlth  ..........               s - ring of positive energy
                                v - ring of protection from fire

@: not resistant to hostile enchantments, extremely unstealthy
A: no striking features
a: Renounce Religion


You were on level 6 of the Dungeon.
You worshipped Okawaru.
Okawaru was noncommittal.
You were not hungry.

You visited 2 branches of the dungeon, and saw 7 of its levels.

You collected 272 gold pieces.

Inventory:

Hand Weapons
 a - a +0 war axe (weapon)
 I - the +5 rapier "Isiezaso" {flame, rC+ Dex+3}
   (You found it on level 5 of the Dungeon)

   It has been specially enchanted to burn those struck by it, causing extra
   injury to most foes and up to half again as much damage against particularly
   susceptible opponents.
   It affects your dexterity (+3).
   It protects you from cold.
Missiles
 d - 4 throwing nets (quivered)
Armour
 b - a +0 leather armour
 c - a +0 helmet (worn)
 g - a +0 scale mail (worn)
Jewellery
 e - an uncursed ring of resist corrosion
 s - a ring of positive energy (right hand)
 v - a ring of protection from fire (left hand)
 E - an uncursed amulet of regeneration {unknown}
 H - a cursed ring of loudness {unknown}
Wands
 K - a wand of teleportation (2/9)
Scrolls
 h - 8 scrolls of identify {unknown}
 j - 3 scrolls of magic mapping {unknown}
 k - a scroll of amnesia {unknown}
 l - 5 scrolls of teleportation {unknown}
 u - a scroll of noise {unknown}
 w - a scroll of enchant weapon {unknown}
 x - a scroll of random uselessness {unknown}
 y - a scroll of fog {unknown}
 A - 3 scrolls of remove curse {unknown}
 C - a scroll of immolation {unknown}
Potions
 i - a potion of invisibility {unknown}
 n - a potion of cure mutation {unknown}
 o - a potion of ambrosia {unknown}
 q - 2 potions of heal wounds {unknown}
 r - 3 potions of curing {unknown}
 z - a potion of might {unknown}
 D - 2 potions of flight {unknown}
 F - 4 potions of brilliance {unknown}
Books
 G - a book of Beasts

   Spells                             Type                      Level
   a - Summon Butterflies             Summoning                    1
   b - Call Canine Familiar           Summoning                    3
   c - Summon Ice Beast               Ice/Summoning                4
   d - Summon Mana Viper              Hexes/Summoning              5
   e - Summon Hydra                   Summoning                    7
Comestibles
 f - 3 bread rations
 m - a slice of pizza
 p - 2 meat rations
 t - 3 beef jerkies
 B - a royal jelly
 J - 2 fruits


   Skills:
 + Level 3.1 Fighting
 + Level 9.0 Axes
 + Level 2.0 Throwing
 + Level 1.3 Armour
 + Level 2.7 Dodging


You had 5 spell levels left.
You didn't know any spells.

Dungeon Overview and Level Annotations

Branches:
Dungeon (6/15)             Temple (1/1) D:6

Altars:
Ashenzari
Elyvilon
Fedhas
Gozag
Kikubaaqudgha
Makhleb
Nemelex Xobeh
Okawaru
Pakellas
Ru
Sif Muna
Trog
Vehumet

Annotations:
D:3 Draxdyn's ghost, amateur GrSk


Message History

You hit the wyvern.
The wyvern is moderately wounded.
The wyvern bites you! x2
You hit the wyvern.
The wyvern is heavily wounded.
The wyvern barely misses you.
Your scale mail prevents you from hitting the wyvern.
The wyvern is heavily wounded.
The wyvern bites you. The wyvern bites you!
You closely miss the wyvern.
The wyvern is heavily wounded.
The wyvern bites you!
* * * LOW HITPOINT WARNING * * *
The wyvern bites you.
* * * LOW HITPOINT WARNING * * *
You are too injured to fight recklessly!
You hit the wyvern.
The wyvern is heavily wounded.
The wyvern bites you.
You die...

#.##### #.....
#..#.## # ##+#.....#
#.##.....⌠..#
#.#.........# .
###......⌠.>.⌠# ...
..............##...##
...........⌠.@l.....#
##...........##...##
##.......#### ....#
##<....## ....
##...## #.# ##'## #.#
#.# #.# #.# ##### #.#
##.## #...# #.#


You could see a wyvern.

Vanquished Creatures
  2 scorpions
  A crimson imp (D:4)
  2 orc wizards (D:4)
  A hound (D:4)
  2 worker ants (D:4)
  2 hound skeletons (D:4)
  A howler monkey skeleton (D:4)
  4 adders
  A dart slug (D:5)
  4 giant geckos
  9 orcs
  8 bats
  4 giant cockroaches
  5 goblins
  4 hobgoblins
  7 kobolds
  A quokka (D:2)
  6 giant newts
  8 rats (D:1)
72 creatures vanquished.

Vanquished Creatures (others)
  An orc warrior (D:6)
  2 giant frogs (D:6)
  An iguana (D:6)
  A worker ant (D:6)
  An adder (D:6)
  A giant gecko zombie (D:6)
7 creatures vanquished.

Grand Total: 79 creatures vanquished

Notes
Turn   | Place    | Note
--------------------------------------------------------------
     0 | D:1      | varam the Hill Orc Gladiator began the quest for the Orb.
     0 | D:1      | Reached XP level 1. HP: 18/18 MP: 1/1
     0 | D:1      | Noticed a red draconian
     1 | D:1      | Noticed a tentacled monstrosity
     1 | D:1      | Noticed a tentacled monstrosity
     4 | D:1      | Noticed an ice dragon
     7 | D:1      | Noticed a large abomination
     8 | D:1      | Noticed a tentacled monstrosity
     9 | D:1      | Noticed a black draconian
    11 | D:1      | Noticed a large abomination
    13 | D:1      | Noticed a golden dragon
    15 | D:1      | Noticed a large abomination
    15 | D:1      | Noticed a tentacled monstrosity
    19 | D:1      | Noticed a large abomination
    19 | D:1      | Noticed a shadow dragon
    19 | D:1      | Noticed an orb of fire
   131 | D:1      | Reached XP level 2. HP: 23/25 MP: 2/2
   181 | D:1      | Reached skill level 5 in Axes
   250 | D:1      | Reached XP level 3. HP: 28/30 MP: 3/3
  1117 | D:3      | Reached skill level 6 in Axes
  1148 | D:3      | Noticed Draxdyn's ghost (amateur GrSk)
  1636 | D:3      | Reached XP level 4. HP: 37/37 MP: 4/4
  1832 | D:4      | Reached skill level 7 in Axes
  1832 | D:4      | Reached XP level 5. HP: 32/42 MP: 5/5
  2156 | D:4      | Reached skill level 8 in Axes
  2599 | D:4      | Reached XP level 6. HP: 43/50 MP: 6/6
  3515 | D:5      | Entered Level 5 of the Dungeon
  3599 | D:5      | Reached skill level 9 in Axes
  3599 | D:5      | Reached skill level 1 in Armour
  3729 | D:5      | Got a faintly glowing rapier
  3730 | D:5      | Identified the +5 rapier "Isiezaso" {flame, rC+ Dex+3} (You found it on level 5 of the Dungeon)
  3831 | D:5      | Found a sacrificial altar of Ru.
  4109 | D:6      | Killed an orc warrior
  4112 | D:6      | Found a staircase to the Ecumenical Temple.
  4122 | Temple   | Entered the Ecumenical Temple
  4154 | Temple   | Became a worshipper of Warmaster Okawaru
  4480 | D:6      | Noticed a wyvern
  4488 | D:6      | Slain by a wyvern

Skill      XL: |  1  2  3  4  5  6 |
---------------+-------------------+-----
Axes           | 5 6 7 8 9 |  9.0
Throwing       | 2 |  2.0
Fighting       | 3 |  3.1
Armour         | 1 |  1.3
Dodging        | |  2.7

Action                   |  1- 3 |  4- 6 || total
-------------------------+-------+-------++-------
Melee: War axe           |   139 |   145 ||   284
       Rapier            |       |     4 ||     4
  Eat: Chunk             |     2 |     8 ||    10
       Bread ration      |       |     1 ||     1
Armor: Leather armour    |    11 |       ||    11
       Scale mail        |    83 |    53 ||   136
Dodge: Dodged            |    85 |    69 ||   154
